 Dungeon Crawl Stone Soup version 0.29.1-1-gd02db6906a (webtiles) character file.

Game seed: 2771789158606473827

10397 hawla the Destroyer (level 12, -1/89 HPs)
             Began as a Meteoran Fire Elementalist on Oct 11, 2022.
             Was the Champion of Wu Jian.
             Killed from afar by a manticore (15 damage)
             ... with a volley of spikes
             ... on level 13 of the Dungeon.
             The game lasted 00:26:20 (5892 turns).

hawla the Destroyer (Meteoran Fire Elementalist)    Turns: 5892, Time: 00:26:21

Health: -1/89      AC: 12    Str: 10    XL:     12   Next: 19%
Magic:  10/25      EV: 14    Int: 23    God:    Wu Jian [******]
Gold:   567        SH:  0    Dex: 14    Spells: 13/28 levels left

rFire   + . .      SeeInvis .   c - +10 hand axe "Xemue" {vorpal, rF+ rC+}
rCold   + + .      Faith    .   (no shield)
rNeg    . . .      Spirit   .   l - +2 robe {rC+}
rPois   .          Reflect  .   y - +2 helmet
rElec   .          Harm     .   w - +1 cloak
rCorr   .          Rampage  .   e - +2 pair of gloves
Will    +....                   (no boots)
Stlth   +.........              (no amulet)
HPRegen 0.24/turn               (no ring)
MPRegen 0.19/turn               (no ring)

@: about to teleport, spiked, glowing
A: sense surroundings 2, otherworldly, glowing, explore regen
a: Renounce Religion, Wall Jump, Serpent's Lash, Heavenly Storm


You were on level 13 of the Dungeon.
You worshipped Wu Jian.
Wu Jian was exalted by your worship.
You visited 2 branches of the dungeon, and saw 12 of its levels.
You also visited: Ossuary.

You collected 567 gold pieces.

Inventory:

Hand Weapons
 c - the +10 hand axe "Xemue" (weapon) {vorpal, rF+ rC+}
   (You found it on level 2 of the Dungeon)

   It inflicts extra damage upon your enemies.
   rF:        It protects you from fire.
   rC:        It protects you from cold.
Armour
 e - a +2 pair of gloves (worn)
 l - a +2 robe of cold resistance (worn)
 w - a +1 cloak (worn)
 y - a +2 helmet (worn)
Jewellery
 q - an amulet of the acrobat
Wands
 i - a wand of mindburst (19) (quivered)
 r - a wand of digging (3)
 s - a wand of roots (12)
 u - a wand of flame (20)
 x - a wand of paralysis (13)
Scrolls
 d - 4 scrolls of teleportation
 h - 2 scrolls of identify
 k - a scroll of amnesia
 n - 2 scrolls of fog
 p - 2 scrolls of enchant weapon
 z - 2 scrolls of blinking {unknown}
Potions
 a - 2 potions of brilliance
 b - 3 potions of magic
 f - a potion of haste
 j - 4 potions of flight
 m - 3 potions of heal wounds {unknown}
 o - 2 potions of ambrosia
 t - a potion of might


   Skills:
 - Level 3.4 Fighting
 - Level 6.1 Axes
 - Level 5.0 Dodging
 - Level 1.4 Stealth
 - Level 8.5 Spellcasting
 + Level 12.8 Conjurations
 - Level 9.7 Fire Magic
 * Level 8.8 Earth Magic


You had 13 spell levels left.
You knew the following spells:

 Your Spells              Type           Power      Damage    Failure   Level
a - Foxfire               Conj/Fire      100%       2x1d9     1%          1
b - Scorch                Fire           100%       2d10      1%          2
c - Flame Wave            Conj/Fire      58%        2d14      1%          4
d - Lehudib's Crystal Sp  Conj/Erth      28%        10d7      99%         8

Your spell library contained the following spells:

 Spells                   Type           Power      Damage    Failure   Level
 Shock                    Conj/Air       100%       1d9       1%          1
 Conjure Flame            Conj/Fire      58%        6-21      1%          3
 Sticky Flame             Conj/Fire      58%        2d7       1%          4
 Inner Flame              Hex/Fire       32%        N/A       2%          3
 Leda's Liquefaction      Hex/Erth       15%        N/A       11%         4
 Call Canine Familiar     Summ           9%         N/A       21%         3
 Portal Projectile        Hex/Tloc       18%        N/A       21%         3
 Animate Dead             Necr           9%         N/A       54%         4
 Passage of Golubria      Tloc           9%         N/A       54%         4
 Silence                  Hex/Air        4%         N/A       88%         5


Dungeon Overview and Level Annotations

Branches:
Dungeon (10/15) Zot: 853   Temple (1/1) D:6 Zot: 513    Lair (0/5) D:10
Ossuary (visited)
    Orc: D:9-12

Altars:
Ashenzari
Cheibriados
Dithmenos
Elyvilon
Fedhas
Gozag
Hepliaklqana
Kikubaaqudgha
Makhleb
Nemelex Xobeh
Okawaru
Qazlal
Ru
Sif Muna
Trog
Uskayaw
Vehumet
Wu Jian
Xom
Yredelemnul
Zin
The Shining One

Annotations:
D:2 1 runed translucent door, Crazy Yiuf


Innate Abilities, Weirdness & Mutations

You passively map the area around you.
You are easily found by Zot.
You glow in the dark.
You regain HP and MP as you explore.


Message History

The volley of spikes hits you!
The barbed spikes become lodged in your body.
A wave of flame ripples out!
The flame wave engulfs the manticore!
The manticore is moderately wounded.
You finish channelling waves of flame.
You hear a shout!
Casting: Flame Wave (mildly dangerous; 1% risk of failure)
Confirm with . or Enter, or press ? or * to list all spells.
Flames lash the manticore.
The manticore is moderately wounded.
The manticore's fire resistance burns away.
The manticore flicks its tail.
The volley of spikes hits you!
The barbed spikes become lodged in your body.
* * * LOW HITPOINT WARNING * * *
Casting: Scorch (safe; 1% risk of failure)
Confirm with . or Enter, or press ? or * to list all spells.
Casting: Flame Wave (mildly dangerous; 1% risk of failure)
Press: ? - help, Dir - look around, f - activate A wave of flame ripples out! (Press . to intensify the flame waves.)
The manticore flicks its tail.
The volley of spikes hits you!
The barbed spikes become lodged in your body.
* * * LOW HITPOINT WARNING * * *
You feel better.
The manticore flicks its tail.
The volley of spikes hits you!
The barbed spikes become lodged in your body.
* * * LOW HITPOINT WARNING * * *
Okay, then.
As you read the scroll of teleportation, it crumbles to dust.
You feel strangely unstable.
The manticore flicks its tail.
The volley of spikes misses you.
You feel better.
The manticore flicks its tail.
The volley of spikes hits you!
The barbed spikes become lodged in your body.
You die...

.# ,, ..............# .# >* *
#.##.#......... .# *,* * *
........#.....# .# * * ,,
#.##.#......... .# ,* ,,,
#.##........### .# *
#.####..#.### .# * ,* * #.#
#..#.# .# ,##..######.##
#..#.#
.#######.#....H)@....###..#>#
)........#)..######.........#
#.<..[....... ##.###..###
#.#####..#..# ** #.# #..# #.#
.#, ...####)###..# #.# , #
.....))....#.## #.#
,..........###.# #.# ,,
........##.#.## ..# *
,.............#


You could see a manticore (combustible).

Vanquished Creatures
  Gastronok (D:9)
  Erolcha (D:13)
  Joseph (D:10)
  Maurice (D:9)
  A hornet (D:8)
  Prince Ribbit (D:6)
  Sigmund (D:2)
  2 wraiths
  8 yaks (D:9)
  Edmund (D:6)
  An acid dragon (D:10)
  2 water moccasins
  An orc warrior (D:6)
  2 ice beasts
  2 ogres (D:7)
  2 centaurs
  A phantom (D:6)
  5 kobold brigands
  8 elf zombies (Ossuary)
  3 gnoll sergeants
  A necrophage (D:4)
  5 bullfrogs
  4 scorpions
  14 wights
  10 killer bees (D:10)
  3 howler monkeys (D:9)
  2 centaur zombies (Ossuary)
  2 human zombies (Ossuary)
  6 hounds
  4 jellies
  6 orc priests
  7 iguanas
  16 orc wizards
  4 mummies
  14 gnolls
  4 adders
  3 white imps
  2 dart slugs (D:4)
  49 orcs
  11 ball pythons
  9 endoplasms
  15 goblins
  6 hobgoblins
  44 kobolds
  3 quokkas
  4 bats
  4 frilled lizards
  3 kobold zombies (D:6)
  An orc zombie (D:6)
  3 rats
  A spectral orc (D:10)
  4 bushes (D:6)
309 creatures vanquished.

Vanquished Creatures (collateral kills)
  A deep elf pyromancer (D:13)
1 creature vanquished.

Vanquished Creatures (others)
  137 foxfires
  A plant (D:5)
138 creatures vanquished.

Grand Total: 448 creatures vanquished

Notes
Turn   | Place    | Note
-------+----------+-------------------------------------------
     0 | D:1      | hawla the Meteoran Fire Elementalist began the quest for
                  | the Orb.
     0 | D:1      | Reached XP level 1. HP: 14/14 MP: 5/5
   103 | D:1      | Found a faded altar of an unknown god.
   137 | D:1      | Prayed at the altar of an unknown god.
   137 | D:1      | Became a worshipper of the Wu Jian Council
   137 | D:1      | Reached * piety under Wu Jian
   209 | D:1      | Reached XP level 2. HP: 20/20 MP: 4/6
   322 | D:1      | Learned a level 2 spell: Scorch
   434 | D:1      | Reached XP level 3. HP: 26/26 MP: 5/8
   500 | D:1      | Glimpsed the power of Zot.
   550 | D:1      | Glimpsed the power of Zot.
   654 | D:2      | Noticed Sigmund
   666 | D:2      | Reached ** piety under Wu Jian
   679 | D:2      | Identified the +10 hand axe "Xemue" {vorpal, rF+ rC+}
   692 | D:2      | Killed Sigmund
   693 | D:2      | Reached skill level 1 in Axes
   693 | D:2      | Reached skill level 2 in Conjurations
   693 | D:2      | Reached skill level 5 in Fire Magic
   693 | D:2      | Reached XP level 4. HP: 16/34 MP: 1/11
   693 | D:2      | Reached XP level 5. HP: 19/39 MP: 1/12
   693 | D:2      | Reached XP level 6. HP: 22/46 MP: 1/13
   698 | D:2      | Learned a level 4 spell: Flame Wave
  1027 | D:2      | Found a runed translucent door.
  1028 | D:2      | Noticed Crazy Yiuf
  1096 | D:2      | Glimpsed the power of Zot.
  1321 | D:3      | Found a shimmering altar of Xom.
  1690 | D:3      | Glimpsed the power of Zot.
  1759 | D:4      | Reached XP level 7. HP: 51/51 MP: 1/14
  1802 | D:4      | Reached *** piety under Wu Jian
  1832 | D:4      | Noticed a water moccasin
  1840 | D:4      | Killed a water moccasin
  1841 | D:4      | Reached skill level 3 in Conjurations
  1877 | D:4      | Reached XP level 8. HP: 33/58 MP: 0/16
  1951 | D:4      | Identified the +4 hand axe of Hurling Woe {pain, Contam
                  | Str-5 Int+3 Dex+3}
  1981 | D:4      | Found a snail-covered altar of Cheibriados.
  2001 | D:4      | Reached skill level 5 in Spellcasting
  2025 | D:4      | Reached skill level 1 in Fighting
  2282 | D:4      | Glimpsed the power of Zot.
  2284 | D:5      | Entered Level 5 of the Dungeon
  2411 | D:5      | Reached skill level 4 in Conjurations
  2501 | D:5      | Gained mutation: You passively map the area around you.
                  | [Meteoran growth]
  2501 | D:5      | Reached XP level 9. HP: 64/64 MP: 15/18
  2532 | D:5      | Reached **** piety under Wu Jian
  2878 | D:5      | Glimpsed the power of Zot.
  2927 | D:5      | Glimpsed the power of Zot.
  3038 | D:6      | Found a shimmering blue altar of Sif Muna.
  3051 | D:6      | Reached skill level 5 in Axes
  3144 | D:6      | Found a staircase to the Ecumenical Temple.
  3159 | Temple   | Entered the Ecumenical Temple
  3311 | D:6      | Found a burning altar of Makhleb.
  3349 | D:6      | Found an iron altar of Okawaru.
  3352 | D:6      | Reached ***** piety under Wu Jian
  3359 | D:6      | Noticed Prince Ribbit
  3362 | D:6      | Killed Prince Ribbit
  3375 | D:6      | Reached XP level 10. HP: 73/77 MP: 17/22
  3375 | D:6      | Noticed Edmund
  3392 | D:6      | Killed Edmund
  3434 | D:6      | Found a radiant altar of Vehumet.
  3564 | D:6      | Glimpsed the power of Zot.
  3586 | D:6      | Reached skill level 5 in Dodging
  3614 | D:6      | Glimpsed the power of Zot.
  3654 | D:7      | Learned a level 8 spell: Lehudib's Crystal Spear
  3696 | D:7      | Found a sand-covered staircase.
  3704 | Ossuary  | Entered an ossuary
  3719 | Ossuary  | Reached skill level 5 in Conjurations
  3722 | Ossuary  | Reached skill level 6 in Conjurations
  3780 | Ossuary  | Reached skill level 7 in Conjurations
  3804 | Ossuary  | Reached skill level 8 in Conjurations
  4062 | D:7      | Reached skill level 9 in Conjurations
  4274 | D:7      | Glimpsed the power of Zot.
  4324 | D:7      | Glimpsed the power of Zot.
  4364 | D:7      | Glimpsed the power of Zot.
  4583 | D:8      | Found a sacrificial altar of Ru.
  4640 | D:8      | Reached XP level 11. HP: 77/82 MP: 15/24
  4727 | D:8      | Got the Codex of Destructive Black Rituals
  4736 | D:8      | Reached skill level 10 in Conjurations
  4804 | D:9      | Reached skill level 1 in Earth Magic
  4817 | D:9      | Found a sparkling altar of Nemelex Xobeh.
  4891 | D:9      | Found an ornate altar of the Wu Jian Council.
  5122 | D:9      | Found an opulent altar of Gozag.
  5198 | D:9      | Found a glowing silver altar of Zin.
  5237 | D:9      | Noticed Maurice
  5241 | D:9      | Reached skill level 11 in Conjurations
  5241 | D:9      | Reached skill level 5 in Earth Magic
  5246 | D:9      | Reached ****** piety under Wu Jian
  5251 | D:9      | Killed Maurice
  5266 | D:9      | Noticed Gastronok
  5280 | D:9      | Killed Gastronok
  5361 | D:10     | Entered Level 10 of the Dungeon
  5459 | D:10     | Reached skill level 12 in Conjurations
  5550 | D:10     | Noticed Joseph
  5561 | D:10     | Killed Joseph
  5570 | D:10     | Found a staircase to the Lair.
  5707 | D:10     | Reached XP level 12. HP: 83/89 MP: 25/25
  5708 | D:10     | Found a basalt altar of Yredelemnul.
  5771 | D:10     | You fall into a shaft and drop 3 floors!
  5790 | D:13     | Noticed a deep elf pyromancer
  5808 | D:13     | Killed a deep elf pyromancer
  5823 | D:13     | Noticed a boulder beetle
  5878 | D:13     | Noticed Erolcha
  5885 | D:13     | Killed Erolcha
  5892 | D:13     | Killed from afar by a manticore

Illustrated notes

Levels and vault maps discovered:
D:1:      matt_arrival_debris, layout_basic,
          hellmonk_ecumenical_altar_arch_garden, skrybe_limestone_x
D:2:      layout_basic, minmay_tetromino_s2, uniq_sigmund,
          uniq_crazy_yiuf_cottage
D:3:      layout_loops_cross, general_overflow_altar, grunt_decor_one_mirror,
          minivault_14, nicolae_underground_beach
D:4:      layout_rooms, kennysheep_slug_shrine, grunt_decor_fettered
D:5:      corexii_shantytown, layout_loops_ring
D:6:      layout_basic, mainiacjoe_overflow_24_doors, bloody_makhleb,
          nicolae_sif_muna_little_library, nicolae_vehumet_altar_sigil,
          minmay_temple_entry_trees, minmay_mini_ossuary, uniq_prince_ribbit1,
          uniq_edmund
D:7:      layout_rooms, chequers_ossuary_entry_cave, nicolae_sextant
D:8:      layout_basic, mainiacjoe_overflow_tiny_flanked, minmay_holes
D:9:      layout_basic, nicolae_overflow_crystal_walls, grunt_gozag_statues,
          nicolae_wu_jian_wuxing_cycle, zin_academy, minmay_joined_circles,
          uniq_maurice, uniq_gastronok
D:10:     layout_basic, yredelemnul_forgotten_temple_becter, lair_entry_dummy,
          nicolae_trove_entry_crossroad, uniq_joseph
D:13:     layout_loops_ring, skrybe_vaults_entry_preservation,
          portal_ice_cave_entry_pillars_1, uniq_erolcha
Temple:   cyrus_temple_forest

Skill      XL: |  1  2  3  4  5  6  7  8  9 10 11 |
---------------+----------------------------------+-----
Fire Magic     | 4 5 6 7 8 9 |  9.7
Spellcasting   | 4 5 7 8 |  8.5
Axes           | 1 2 3 5 6 |  6.1
Dodging        | 3 4 5 |  5.0
Conjurations   | 2 3 4 9 12 | 12.8
Fighting       | 1 3 |  3.4
Earth Magic    | 8 |  8.8
Stealth        | |  1.4

Action                   |  1- 3 |  4- 6 |  7- 9 | 10-12 || total
-------------------------+-------+-------+-------+-------++-------
Melee: Unarmed           |    34 |       |       |       ||    34
       Hand axe          |     5 |    29 |    84 |   129 ||   247
       Punch             |       |       |       |     3 ||     3
 Cast: Foxfire           |    29 |     4 |    16 |    36 ||    85
       Scorch            |    14 |     2 |    30 |    50 ||    96
       Flame Wave        |       |     2 |    23 |    26 ||    51
Invok: Whirlwind         |    16 |       |       |       ||    16
       Lunge             |     1 |     3 |    12 |    22 ||    38
  Use: Scroll            |     2 |     1 |     6 |    18 ||    27
       Potion            |       |       |       |     5 ||     5
 Stab: Sleeping          |       |     1 |       |       ||     1
Armor: Robe              |    28 |     6 |    41 |    69 ||   144
Dodge: Dodged            |    31 |    18 |    66 |   138 ||   253
